 Dungeon Crawl Stone Soup version 0.30-a0-743-gbfdf073431 (webtiles) character file.

Game seed: 7159991858656781200

109 Darius099 the Chopper (level 4, -6/36 (39) HPs)
             Began as a Minotaur Fighter on Feb 7, 2023.
             Killed by divine providence
             ... invoked by an orc priest
              (13 damage)
             ... on level 3 of the Dungeon.
             The game lasted 00:02:41 (1690 turns).

Darius099 the Chopper (Minotaur Fighter)            Turns: 1690, Time: 00:02:41

HP:   -6/36 (39)    AC:  6    Str: 22    XL:     4   Next: 59%
MP:   3/3           EV:  9    Int:  5    God:
Gold: 147           SH:  4    Dex: 10    Spells: 3/3 levels left

rFire   . . .      SeeInvis .    a - +0 war axe
rCold   . . .      Faith    .    c - +0 buckler
rNeg    . . .      Spirit   .    b - +0 scale mail
rPois   .          Reflect  .    (helmet restricted)
rElec   .          Harm     .    (no cloak)
rCorr   .          Rampage  .    (no gloves)
Will    .....                    (no boots) Stlth
                                 (no amulet)
HPRegen 0.26/turn                (no ring)
MPRegen 0.08/turn                (no ring)

@: drained
A: horns 2, retaliatory headbutt
a: no special abilities


You were on level 3 of the Dungeon.
You visited 1 branch of the dungeon, and saw 3 of its levels.

You collected 147 gold pieces.

Inventory:

Hand Weapons
 a - a +0 war axe (weapon)
Missiles
 k - 25 stones (quivered)
Armour
 b - a +0 scale mail (worn)
 c - a +0 buckler (worn)
Scrolls
 e - a scroll of acquirement {unknown}
 g - a scroll of magic mapping {unknown}
 h - 5 scrolls of identify {unknown}
 i - 2 scrolls of vulnerability {unknown}
 j - 2 scrolls of fog {unknown}
 m - a scroll of teleportation {unknown}
Potions
 d - 2 potions of might
 f - 2 potions of resistance {unknown}
 l - a potion of brilliance {unknown}


   Skills:
 - Level 3.6 Fighting
 + Level 5.9 Axes
 - Level 3.6 Armour
 - Level 3.6 Shields


You had 3 spell levels left.
You didn't know any spells.
Your spell library contained the following spells:

 Spells                   Type           Power      Damage    Failure   Level
 Beastly Appendage        Tmut           0%         N/A       88%         1
 Blink                    Tloc           0%         N/A       95%         2
 Wereblood                Tmut           0%         N/A       95%         2
 Spider Form              Tmut/Pois      0%         N/A       99%         3
 Manifold Assault         Tloc           0%         N/A       100%        4
 Storm Form               Tmut/Air       0%         N/A       100%        7


Dungeon Overview and Level Annotations

Branches:
Dungeon (3/15)

Altars:
Ru

Shops:
D:3 [


Innate Abilities, Weirdness & Mutations

You have a pair of horns on your head.
You reflexively headbutt those who attack you in melee.


Message History

You barely miss the orc. The orc hits you but does no damage.
You feel drained.
The orc wizard points at you and mumbles some strange words.
You resist with some effort.
You barely miss the orc wizard.
You headbutt the orc wizard, but do no damage.
The orc wizard is heavily wounded.
You closely miss the orc.
The orc priest looks braver for a moment.
The orc wizard hits you but does no damage.
The orc wizard closely misses you. You furiously retaliate!
You headbutt the orc wizard.
The orc priest begins to cast a cantrip, but forgets the words!
The orc priest looks braver for a moment.
The orc hits you but does no damage.
You feel drained.
You hit the orc wizard. You headbutt the orc wizard.
You kill the orc wizard!
You barely miss the orc. You block the orc's attack.
Your life force feels restored.
You barely miss the orc priest. You headbutt the orc priest!
The orc priest is heavily wounded.
You closely miss the orc.
The orc priest invokes the aid of Beogh against you.
Beogh smites you!
The orc hits you with a +1 falchion of draining.
You feel drained.
You hit the orc priest.
The orc priest is almost dead.
You closely miss the orc. The orc priest hits you with a +0 mace.
The orc hits you with a +1 falchion of draining.
You feel drained.
You slash the orc priest!
You kill the orc priest!
You barely miss the orc.
The orc hits you with a +1 falchion of draining.
* * * LOW HITPOINT WARNING * * *
You feel drained.
* * * LOW HITPOINT WARNING * * *
The orc priest mumbles some strange prayers to Beogh against you.
Beogh smites you!
You die...

#.#### ..... #.# .o.
#.# #o# #.##### #.#
#.....#### #.#
##.......# ##.##
#.##.##.# ##...##
#.##.##.###oo...###
#.##......@)........
#.#####.#####.######
#.# #.# ### #.# #.#
#. ..# ###


You could see an orc priest and an orc.

Vanquished Creatures
  An orc priest (D:3)
  An orc wizard (D:3)
  Robin (D:2)
  A worm (D:2)
  3 dart slugs
  2 orcs (D:3)
  4 endoplasms
  A giant cockroach (D:1)
  12 goblins
  10 hobgoblins
  3 jackals (D:2)
  4 kobolds
  3 quokkas (D:2)
  A ball python (D:1)
  5 bats
  2 frilled lizards (D:2)
  A rat (D:3)
55 creatures vanquished.

Notes
Turn   | Place    | Note
-------+----------+-------------------------------------------
     0 | D:1      | Darius099 the Minotaur Fighter began the quest for the Orb.
     0 | D:1      | Reached XP level 1. HP: 19/19 MP: 0/0
    78 | D:1      | Reached skill level 3 in Axes
   140 | D:1      | Reached XP level 2. HP: 26/26 MP: 1/1
   419 | D:1      | Reached skill level 4 in Axes
   565 | D:2      | Noticed Robin
   573 | D:2      | Reached XP level 3. HP: 24/31 MP: 2/2
   575 | D:2      | Killed Robin
   835 | D:2      | Reached skill level 5 in Axes
  1069 | D:2      | Reached XP level 4. HP: 39/39 MP: 3/3
  1245 | D:2      | Found a sacrificial altar of Ru.
  1519 | D:3      | Found Edoschuock's Antique Armour Emporium.
  1690 | D:3      | Killed from afar by an orc priest

Illustrated notes

Levels and vault maps discovered:
D:1:      spicycebolla_green_bress_n_ham_2, layout_rooms,
          kennysheep_another_room
D:2:      layout_basic, basic_altar, chequers_serial_rivers_micro_e, uniq_robin
D:3:      kennysheep_the_goblin_king, layout_loops_corners, serial_shops,
          shop_coins, ebering_dispersal_statue_hall, grunt_ministairs_6,
          uniq_grinder, uniq_crazy_yiuf_cottage

Skill      XL: |  1  2  3 |
---------------+----------+-----
Axes           | 3 4 5 |  5.9
Fighting       | |  3.6
Armour         | |  3.6
Shields        | |  3.6

Action                     |  1- 3 |  4- 6 || total
---------------------------+-------+-------++-------
  Melee: War axe           |    66 |    26 ||    92
         Headbutt          |     5 |     5 ||    10
 Armour: Scale mail        |    55 |    12 ||    67
  Dodge: Dodged            |    32 |     8 ||    40
  Block: Buckler           |    24 |     1 ||    25

Table legend: (Time is in decaauts)
 A = Elapsed time spent in this place.
 B = Non-inter-level travel time spent in this place.
 C = Inter-level travel time spent in this place.
 D = Time resting spent in this place.
 E = Time spent auto-exploring this place.
 F = Levels seen in this place.
 G = Mean time per level.
                   A        B        C        D        E       F      G
               +--------+--------+--------+--------+--------+-----+--------+
         Total |   1719 |   1658 |     61 |     82 |   1262 |   3 |  573.0 |
       Dungeon |   1719 |   1658 |     61 |     82 |   1262 |   3 |  573.0 |
               +--------+--------+--------+--------+--------+-----+--------+

Top non-repeatable levels by time:
     D:2: 966 daAuts
     D:1: 560 daAuts
     D:3: 191 daAuts
